 Dungeon Crawl Stone Soup version 0.27.0-1-g7a089689b8 (webtiles) character file.

Game seed: 11953636432622822059

78738 robertstho the Thaumaturge (level 15, -13/115 HPs)
             Began as a Gnoll Ice Elementalist on Aug 4, 2021.
             Was a High Priest of Sif Muna.
             Killed by divine providence
             ... invoked by Saint Roka
              (16 damage)
             ... on level 2 of the Orcish Mines on Aug 5, 2021.
             The game lasted 00:56:07 (23090 turns).

robertstho the Thaumaturge (GnIE)                  Turns: 23090, Time: 00:56:07

Health: -13/115    AC: 10    Str: 12    XL:     15   Next: 61%
Magic:  8/30       EV: 17    Int: 21    God:    Sif Muna [*****.]
Gold:   2421       SH:  5    Dex: 14    Spells: 5/36 levels left

rFire    . . .     SeeInvis +   H - +9 quarterstaff of Bile {spect, Str+4}
rCold    + + +     Faith    .   (shield currently unavailable)
rNeg     . . .     Spirit   .   G - +4 skin of Zhor {*Englaciate rC+++ SInv}
rPois    .         Reflect  +   (no helmet)
rElec    .         Harm     .   n - scarf {repulsion}
rCorr    +         Rampage  .   t - +0 pair of gloves
Will     +....                  c - +1 pair of boots
Stlth    +++++.....             Q - amulet of reflection
HPRegen  0.29/turn              p - ring of resist corrosion
MPRegen  0.22/turn              S - +4 ring of slaying

@: repel missiles
A: fangs 1, strong nose, distributed training, agile 1
a: Renounce Religion, Channel Magic, Forget Spell, Divine Exegesis


You were on level 2 of the Orcish Mines.
You worshipped Sif Muna.
Sif Muna was extremely pleased with you.
You visited 4 branches of the dungeon, and saw 22 of its levels.
You visited the Abyss 1 time.
You also visited: Bailey.

You collected 2709 gold pieces.
You spent 288 gold pieces at shops.

Inventory:

Hand Weapons
 H - the +9 quarterstaff of Bile (weapon) {spect, Str+4}
   (You bought it in a shop on level 8 of the Dungeon)

   When its wielder attacks, the weapon's spirit leaps out and strikes again.
   The spirit shares a part of any damage it takes with its wielder.
   Str:       It affects your strength (+4).
Armour
 c - a +1 pair of boots (worn)
 n - a scarf of repulsion (worn)
 o - a +3 leather armour of poison resistance
 q - a scarf of invisibility
 t - a +0 pair of gloves (worn)
 G - the +4 skin of Zhor (worn) {*Englaciate rC+++ SInv}
   (You found it on level 7 of the Dungeon)

   It radiates cold, occasionally slowing all nearby creatures who are not
   resistant to cold.
   rC:        It renders you almost immune to cold.
   SInv:      It lets you see invisible.
Jewellery
 h - a ring of flight
 j - a ring of ice
 l - a +4 ring of evasion
 p - a ring of resist corrosion (left hand)
 s - a +6 ring of dexterity
 u - an amulet of regeneration
 E - a ring of see invisible
 L - a ring of ice
 Q - an amulet of reflection (around neck)
 S - a +4 ring of slaying (right hand)
 V - a ring of wizardry
 W - a +6 ring of strength
 Y - a +4 ring of evasion
Wands
 a - a wand of mindburst (12)
 B - a wand of acid (17)
 K - a wand of iceblast (24)
Scrolls
 i - 3 scrolls of enchant weapon
 k - 5 scrolls of fog
 m - 2 scrolls of magic mapping
 x - a scroll of torment
 C - a scroll of fear
 D - 5 scrolls of teleportation
 F - 2 scrolls of immolation
 O - a scroll of holy word
 P - 3 scrolls of enchant armour
 T - a scroll of silence
 X - 2 scrolls of brand weapon
Potions
 d - 5 potions of haste
 e - 5 potions of might
 f - 3 potions of mutation
 g - 4 potions of brilliance
 r - 4 potions of ambrosia
 v - 7 potions of curing
 w - a potion of resistance
 z - a potion of cancellation {unknown}
 A - 7 potions of flight
 M - a potion of berserk rage
 N - 2 potions of lignification
 R - 2 potions of magic {unknown}
Miscellaneous
 U - a lightning rod (1/4)


   Skills:
 + Level 10.2 Fighting
 + Level 10.2 Short Blades
 + Level 10.2 Long Blades
 + Level 10.2 Axes
 + Level 10.2 Maces & Flails
 + Level 10.2 Polearms
 + Level 10.2 Staves
 + Level 10.2 Slings
 + Level 10.2 Bows
 + Level 10.2 Crossbows
 + Level 10.2 Throwing
 + Level 10.2 Armour
 + Level 11.1 Dodging
 + Level 10.9 Stealth
 + Level 10.2 Shields
 + Level 10.2 Unarmed Combat
 + Level 11.2 Spellcasting
 + Level 8.6 Conjurations
 + Level 8.6 Hexes
 + Level 8.6 Summonings
 + Level 8.6 Necromancy
 + Level 8.6 Translocations
 + Level 8.6 Transmutations
 + Level 8.6 Fire Magic
 + Level 11.0 Ice Magic
 + Level 8.6 Air Magic
 + Level 8.6 Earth Magic
 + Level 8.6 Poison Magic
 + Level 11.0 Invocations
 + Level 10.2 Evocations


You had 5 spell levels left.
You knew the following spells:

 Your Spells              Type           Power      Damage    Failure   Level
a - Freeze                Ice            100%       1d11      1%          1
b - Frozen Ramparts       Ice            100%       1d12      1%          3
c - Ozocubu's Armour      Ice            55%        N/A       1%          3
d - Hailstorm             Conj/Ice       52%        3d12      1%          4
e - Foxfire               Conj/Fire      100%       2x1d9     1%          1
f - Blink                 Tloc           N/A        N/A       1%          2
g - Summon Ice Beast      Ice/Summ       52%        N/A       1%          4
h - Olgreb's Toxic Radia  Pois           47%        N/A       1%          4
i - Irradiate             Conj/Tmut      23%        3d21      4%          5
j - Sticky Flame          Conj/Fire      47%        2d6       1%          4

Your spell library contained the following spells:

 Spells                   Type           Power      Damage    Failure   Level
 Animate Skeleton         Necr           94%        N/A       1%          1
 Magic Dart               Conj           100%       1d8       1%          1
 Pain                     Necr           100%       1d9       1%          1
 Sting                    Tmut/Pois      100%       1d8       1%          1
 Call Imp                 Summ           47%        N/A       1%          2
 Ensorcelled Hibernation  Hex/Ice        100%       N/A       1%          2
 Poisonous Vapours        Pois/Air       94%        N/A       1%          2
 Searing Ray              Conj           94%        3d6       1%          2
 Call Canine Familiar     Summ           47%        N/A       1%          3
 Conjure Flame            Conj/Fire      47%        6-21      1%          3
 Ignite Poison            Fire/Tmut/Pois 47%        N/A       1%          3
 Inner Flame              Hex/Fire       47%        N/A       1%          3
 Lesser Beckoning         Tloc           23%        N/A       1%          3
 Spider Form              Tmut/Pois      23%        N/A       1%          3
 Summon Guardian Golem    Hex/Summ       47%        N/A       1%          3
 Vampiric Draining        Necr           23%        2d9       1%          3
 Fulminant Prism          Conj/Hex       23%        3d13      1%          4
 Blade Hands              Tmut           23%        N/A       4%          5
 Manifold Assault         Tloc           47%        N/A       4%          5
 Summon Mana Viper        Hex/Summ       47%        N/A       4%          5
 Shadow Creatures         Summ           N/A        N/A       26%         6
 Dragon Form              Tmut           23%        N/A       80%         7
 Monstrous Menagerie      Summ           23%        N/A       80%         7
 Summon Hydra             Summ           23%        N/A       80%         7


Dungeon Overview and Level Annotations

Branches:
Dungeon (13/15)            Temple (1/1) D:4            Lair (6/6) D:8
 Shoals (0/4) Lair:4       Spider (0/4) Lair:2        Slime (0/5) Lair:6
    Orc (2/2) D:11            Elf (0/3) Orc:2        Vaults (0/5) D:13
 Bailey (visited)

Altars:
Ashenzari
Dithmenos
Elyvilon
Gozag
Hepliaklqana
Makhleb
Nemelex Xobeh
Qazlal
Ru
Sif Muna
Trog
Vehumet
Wu Jian
Xom
Zin
The Shining One
Jiyva

Shops:
D:3 =   D:8 (

Portals:
Trove: D:12 (give 15 potions of curing)

Annotations:
D:3 Jewelry shop
Orc:2 Saint Roka


Innate Abilities, Weirdness & Mutations

You have very sharp teeth.
Your uncanny sense of smell can sniff out nearby items.
Your experience applies equally to all skills.
You are agile. (Dex +2)


Message History

You feel much better.
Saint Roka unwields a +0 arbalest.
Saint Roka wields a +1 great mace.
Saint Roka hits your ice beast with a +1 great mace.
Your ice beast hits Saint Roka but does no damage. x2
Aiming: Mindburst
Press: ? - help, Shift-Dir - straight line, f/p - Saint Roka
Aim: Saint Roka, wielding a +1 great mace, wearing a +0 plate armour and quivering bolts (almost dead, ally target, chance to affect: 49%) Saint Roka resists with some effort.
Your ice beast hits Saint Roka but does no damage. x2
Unknown command.
Aiming: Mindburst
Press: ? - help, Shift-Dir - straight line, f/p - Saint Roka
Aim: Saint Roka, wielding a +1 great mace, wearing a +0 plate armour and quivering bolts (almost dead, ally target, chance to affect: 49%) Saint Roka's mind is blasted!!
Your ice beast hits Saint Roka but does no damage.
Saint Roka unwields a +1 great mace.
Saint Roka wields a +0 arbalest.
Saint Roka shoots a bolt.
The bolt hits you!!!
* * * LOW HITPOINT WARNING * * *
Your ice beast hits Saint Roka but does no damage.
Aiming: Mindburst
Press: ? - help, Shift-Dir - straight line, f/p - Saint Roka
Aim: Saint Roka, wielding a +0 arbalest, wearing a +0 plate armour and quivering bolts (almost dead, ally target, chance to affect: 49%) Saint Roka resists with some effort.
You radiate an aura of cold.
Saint Roka resists.
Your ice beast is unaffected. x2
Your ice beast hits Saint Roka but does no damage. x2
Aiming: Mindburst
Press: ? - help, Shift-Dir - straight line, f/p - Saint Roka
Aim: Saint Roka, wielding a +0 arbalest, wearing a +0 plate armour and quivering bolts (almost dead, ally target, chance to affect: 49%) Saint Roka resists with some effort.
Saint Roka shoots a bolt.
The bolt barely misses you.
Your ice beast closely misses Saint Roka.
Your ice beast hits Saint Roka but does no damage.
Aiming: Mindburst
Press: ? - help, Shift-Dir - straight line, f/p - Saint Roka
Aim: Saint Roka, wielding a +0 arbalest, wearing a +0 plate armour and quivering bolts (almost dead, ally target, chance to affect: 49%) Saint Roka resists with some effort.
Saint Roka mumbles some strange prayers to Beogh against you.
Beogh smites you!
You die...

# ##.....)....#.......
##.##......[............
#..$......[.............
.#...........<..........
.......[:[..............
.#....Y[.[..............
#.....Yo.......<........
............$..........
.#....@......$........
...#.........<.........
................#......
...#...................
..#.........#..........
# ##...................
##.............#..
##............# .
..............


You could see Saint Roka (ally target) and 2 friendly ice beasts.

Vanquished Creatures
  Rupert (Lair:4)
  An orc warlord (Orc:1)
  An ice dragon (D:11)
  9 hydras
  5 vault guards (D:13)
  2 catoblepae
  4 boulder beetles
  A merfolk avatar (Lair:6)
  3 centaur warriors (D:13)
  4 death yaks (Lair:2)
  6 two-headed ogres
  A tengu warrior (D:13)
  A death knight (D:13)
  A deep elf archer (D:13)
  A harpy (Lair:6)
  A wizard (D:13)
  An oklob plant (Lair:5)
  2 orc sorcerers (Orc:1)
  2 manticores
  2 ugly things
  2 cyclopes (D:13)
  3 merfolk sirens (Lair:4)
  7 elephants
  Joseph (D:10)
  12 cane toads
  Psyche (D:10)
  2 unseen horrors (D:11)
  10 rime drakes
  12 komodo dragons
  A tengu conjurer (D:13)
  3 meliai (D:13)
  5 trolls
  8 polar bears
  A merfolk (Lair:4)
  3 wind drakes (Lair:6)
  7 slime creatures (D:13)
  9 dream sheep (Lair:6)
  A hornet (Lair:6)
  30 blink frogs
  2 snapping turtles (Lair:6)
  A vampire (D:9)
  A shadow (D:12)
  3 wyverns
  3 basilisks
  Grum (D:10)
  51 yaks
  3 steam dragons
  2 humans (D:13)
  5 vampire mosquitoes (D:11)
  4 wargs (Orc:1)
  An acid dragon (D:13)
  Duvessa (D:6)
  13 water moccasins
  19 orc warriors
  A black bear (D:5)
  An ice beast (D:8)
  16 wolves
  3 ogres
  2 necrophages
  2 centaurs (D:9)
  6 bullfrogs
  A wyvern zombie (D:7)
  A scorpion (D:6)
  A gnoll sergeant (D:7)
  A water moccasin zombie (D:5)
  Dowan (D:6)
  9 killer bees
  7 electric eels
  7 wights (D:9)
  5 centaur zombies
  7 orc priests
  Crazy Yiuf (D:2)
  7 hounds
  Natasha (thrice) (D:3)
  2 bullfrog skeletons
  A centaur skeleton (D:7)
  Ijyb (D:5)
  16 orc wizards
  4 iguanas
  A howler monkey skeleton (D:7)
  A howler monkey zombie (D:10)
  7 adders
  8 gnolls
  2 white imps
  2 ufetubi (D:5)
  5 dart slugs
  76 orcs
  4 endoplasms
  3 giant cockroaches
  11 goblins
  8 hobgoblins
  5 jackals
  8 kobolds
  6 quokkas
  4 ball pythons
  7 bats
  3 frilled lizards
  11 rats
555 creatures vanquished.

Vanquished Creatures (others)
  A bush (Lair:2)
  354 foxfires
  21 fungi
  55 plants
431 creatures vanquished.

Grand Total: 986 creatures vanquished

Notes
Turn   | Place    | Note
-------+----------+-------------------------------------------
     0 | D:1      | robertstho the Gnoll Ice Elementalist began the quest for
                  | the Orb.
     0 | D:1      | Reached XP level 1. HP: 13/13 MP: 6/6
    23 | D:1      | Reached XP level 2. HP: 19/19 MP: 0/7
   255 | D:1      | You fall into a shaft and drop 1 floor!
   713 | D:2      | Reached XP level 3. HP: 25/25 MP: 3/9
   828 | D:1      | Reached skill level 5 in Spellcasting
  1249 | D:1      | Reached skill level 1 in Invocations
  1875 | D:2      | Found a runed translucent door.
  1876 | D:2      | Noticed Crazy Yiuf
  1883 | D:2      | Learned a level 3 spell: Frozen Ramparts
  1887 | D:2      | Learned a level 3 spell: Ozocubu's Armour
  1891 | D:2      | Killed Crazy Yiuf
  1892 | D:2      | Reached skill level 1 in Fighting
  1892 | D:2      | Reached skill level 1 in Short Blades
  1892 | D:2      | Reached skill level 1 in Long Blades
  1892 | D:2      | Reached skill level 1 in Axes
  1892 | D:2      | Reached skill level 1 in Maces & Flails
  1892 | D:2      | Reached skill level 1 in Polearms
  1892 | D:2      | Reached skill level 1 in Staves
  1892 | D:2      | Reached skill level 1 in Slings
  1892 | D:2      | Reached skill level 1 in Bows
  1892 | D:2      | Reached skill level 1 in Crossbows
  1892 | D:2      | Reached skill level 1 in Throwing
  1892 | D:2      | Reached skill level 1 in Armour
  1892 | D:2      | Reached skill level 1 in Shields
  1892 | D:2      | Reached skill level 1 in Unarmed Combat
  1892 | D:2      | Reached skill level 1 in Evocations
  1892 | D:2      | Reached XP level 4. HP: 20/32 MP: 1/11
  2067 | D:3      | Found a stormy altar of Qazlal.
  2090 | D:3      | Reached skill level 1 in Conjurations
  2090 | D:3      | Reached skill level 1 in Hexes
  2090 | D:3      | Reached skill level 1 in Summonings
  2090 | D:3      | Reached skill level 1 in Necromancy
  2090 | D:3      | Reached skill level 1 in Translocations
  2090 | D:3      | Reached skill level 1 in Transmutations
  2090 | D:3      | Reached skill level 1 in Fire Magic
  2090 | D:3      | Reached skill level 1 in Air Magic
  2090 | D:3      | Reached skill level 1 in Earth Magic
  2090 | D:3      | Reached skill level 1 in Poison Magic
  2205 | D:3      | Found a faded altar of an unknown god.
  2215 | D:3      | Noticed Natasha
  2224 | D:3      | Killed Natasha
  2225 | D:3      | Reached XP level 5. HP: 23/37 MP: 7/12
  2384 | D:3      | Found a shadowy altar of Dithmenos.
  2463 | D:3      | Noticed Natasha
  2473 | D:3      | Killed Natasha
  2710 | D:3      | Found Tadu's Jewellery Shoppe.
  2811 | D:3      | Found a sacrificial altar of Ru.
  2846 | D:3      | Noticed an ogre
  2855 | D:3      | Killed an ogre
  2856 | D:3      | Reached XP level 6. HP: 44/44 MP: 1/14
  2984 | D:3      | Noticed Natasha
  2991 | D:3      | Killed Natasha
  2992 | D:3      | Reached skill level 5 in Dodging
  3571 | D:4      | Found a staircase to the Ecumenical Temple.
  3580 | Temple   | Entered the Ecumenical Temple
  3636 | Temple   | Became a worshipper of Sif Muna the Loreminder
  4365 | D:5      | Entered Level 5 of the Dungeon
  4371 | D:5      | Noticed a necrophage
  4417 | D:5      | Killed a necrophage
  4418 | D:5      | Reached XP level 7. HP: 49/50 MP: 15/15
  4543 | D:5      | Reached * piety under Sif Muna
  4657 | D:5      | Found an ornate altar of the Wu Jian Council.
  4862 | D:5      | Reached skill level 5 in Stealth
  5122 | D:5      | Noticed Ijyb
  5130 | D:5      | Reached XP level 8. HP: 56/57 MP: 9/16
  5131 | D:5      | Killed Ijyb
  5192 | D:5      | Learned a level 4 spell: Hailstorm
  5194 | D:5      | Learned a level 1 spell: Foxfire
  5301 | D:5      | Found a white marble altar of Elyvilon.
  5373 | D:6      | Noticed Duvessa
  5373 | D:6      | Noticed Dowan
  5393 | D:6      | Killed Dowan
  5511 | D:6      | Killed Duvessa
  6349 | D:6      | Learned a level 2 spell: Blink
  6394 | D:7      | Noticed a rime drake
  6397 | D:7      | Noticed a rime drake
  6398 | D:7      | Noticed a rime drake
  6399 | D:7      | Found the +4 skin of Zhor {*Englaciate rC+++ SInv}
  6418 | D:7      | Killed a rime drake
  6419 | D:7      | Reached XP level 9. HP: 60/65 MP: 18/18
  6423 | D:7      | Killed a rime drake
  6594 | D:7      | Found a radiant altar of Vehumet.
  6719 | D:7      | Gained mutation: You are agile. (Dex +2) [potion of
                  | mutation]
  6865 | D:7      | Reached ** piety under Sif Muna
  6877 | D:7      | Killed a rime drake
  6878 | D:7      | Reached skill level 5 in Invocations
  7415 | D:7      | Reached XP level 10. HP: 73/73 MP: 20/20
  7476 | D:8      | Found a staircase to the Lair.
  7606 | D:8      | Reached skill level 5 in Fighting
  7606 | D:8      | Reached skill level 5 in Short Blades
  7606 | D:8      | Reached skill level 5 in Long Blades
  7606 | D:8      | Reached skill level 5 in Axes
  7606 | D:8      | Reached skill level 5 in Maces & Flails
  7606 | D:8      | Reached skill level 5 in Polearms
  7606 | D:8      | Reached skill level 5 in Staves
  7606 | D:8      | Reached skill level 5 in Slings
  7606 | D:8      | Reached skill level 5 in Bows
  7606 | D:8      | Reached skill level 5 in Crossbows
  7606 | D:8      | Reached skill level 5 in Throwing
  7606 | D:8      | Reached skill level 5 in Armour
  7606 | D:8      | Reached skill level 5 in Shields
  7606 | D:8      | Reached skill level 5 in Unarmed Combat
  7606 | D:8      | Reached skill level 5 in Evocations
  8374 | D:8      | Found Miofry's Antique Weapon Shop.
  8377 | D:8      | Bought a dazzling quarterstaff for 288 gold pieces
  8377 | D:8      | Identified the +9 quarterstaff of Bile {spect, Str+4} (You
                  | bought it in a shop on level 8 of the Dungeon)
  9282 | D:10     | Entered Level 10 of the Dungeon
  9299 | D:10     | Found a flagged portal.
  9306 | D:10     | Noticed Psyche
  9312 | D:10     | Reached *** piety under Sif Muna
  9317 | D:10     | Killed Psyche
  9341 | Bailey   | Entered a bailey
  9806 | Bailey   | Reached XP level 11. HP: 81/81 MP: 5/22
 10129 | Bailey   | Identified the +0 cloak "Udequuto" {rF- Will+++ Dex+2}
 10289 | D:10     | Noticed a two-headed ogre
 10298 | D:10     | Killed a two-headed ogre
 10357 | D:10     | Noticed Joseph
 10366 | D:10     | Reached skill level 5 in Conjurations
 10366 | D:10     | Reached skill level 5 in Hexes
 10366 | D:10     | Reached skill level 5 in Summonings
 10366 | D:10     | Reached skill level 5 in Necromancy
 10366 | D:10     | Reached skill level 5 in Translocations
 10366 | D:10     | Reached skill level 5 in Transmutations
 10366 | D:10     | Reached skill level 5 in Fire Magic
 10366 | D:10     | Reached skill level 5 in Air Magic
 10366 | D:10     | Reached skill level 5 in Earth Magic
 10366 | D:10     | Reached skill level 5 in Poison Magic
 10370 | D:10     | Killed Joseph
 10522 | D:10     | Noticed Grum
 10526 | D:10     | Killed Grum
 10759 | D:10     | Noticed a two-headed ogre
 10761 | D:10     | Noticed a two-headed ogre
 10774 | D:10     | Killed a two-headed ogre
 10785 | D:10     | Killed a two-headed ogre
 11064 | D:11     | Noticed a manticore
 11073 | D:11     | Killed a manticore
 11227 | D:11     | Noticed a two-headed ogre
 11244 | D:11     | Killed a two-headed ogre
 11583 | D:11     | Reached **** piety under Sif Muna
 11734 | D:11     | Reached XP level 12. HP: 89/89 MP: 20/24
 12040 | D:11     | Found a staircase to the Orcish Mines.
 12331 | D:11     | Noticed an ice dragon
 12352 | D:11     | Killed an ice dragon
 12483 | D:12     | Noticed a two-headed ogre
 12492 | D:12     | Killed a two-headed ogre
 12508 | D:12     | Noticed a two-headed ogre
 12518 | D:12     | Killed a two-headed ogre
 12589 | D:12     | Noticed a boulder beetle
 12634 | D:12     | Noticed a boulder beetle
 12635 | D:12     | Killed a boulder beetle
 12660 | D:12     | Killed a boulder beetle
 12854 | D:12     | Found a portal to a secret trove of treasure.
 13236 | D:12     | Found a sparkling altar of Nemelex Xobeh.
 13255 | D:12     | Noticed a boulder beetle
 13304 | D:12     | Killed a boulder beetle
 13491 | D:13     | Noticed a centaur warrior
 13504 | D:13     | Killed a centaur warrior
 13580 | D:13     | Noticed a vault guard
 13754 | D:13     | Noticed a tengu warrior
 13766 | D:13     | Killed a tengu warrior
 13863 | D:13     | Noticed a centaur warrior
 13866 | D:13     | Noticed a five-headed hydra
 13882 | D:13     | Killed a centaur warrior
 13883 | D:13     | Reached XP level 13. HP: 65/98 MP: 16/26
 14521 | D:13     | Noticed a vault guard
 14726 | D:13     | Noticed a vault guard
 14740 | D:13     | Cast into level 3 of the Abyss (a wizard)
 14783 | D:13     | Escaped the Abyss
 14789 | D:13     | Killed a vault guard
 14798 | D:13     | Killed a vault guard
 14799 | D:13     | Reached skill level 10 in Ice Magic
 14977 | D:13     | Killed a vault guard
 15142 | D:13     | Found a gate to the Vaults.
 15142 | D:13     | Noticed a vault guard
 15142 | D:13     | Noticed a vault guard
 15149 | D:13     | Killed a vault guard
 15156 | D:13     | Killed a vault guard
 15439 | Lair:1   | Entered Level 1 of the Lair of Beasts
 15655 | Lair:1   | Reached skill level 10 in Spellcasting
 15699 | Lair:1   | Reached ***** piety under Sif Muna
 16429 | Lair:1   | Identified the +1 quarterstaff of Wohuor {flame, *Rage
                  | Dex+5}
 16481 | Lair:2   | Reached XP level 14. HP: 84/106 MP: 28/28
 16568 | Lair:2   | Reached skill level 10 in Dodging
 16692 | Lair:2   | Received a gift from Sif Muna
 16775 | Lair:2   | Found a hole to the Spider Nest.
 16918 | Lair:2   | Reached skill level 10 in Stealth
 17719 | Lair:3   | Reached skill level 10 in Invocations
 18189 | Lair:3   | Identified a scroll of acquirement
 18953 | Lair:3   | Acquired 983 gold pieces
 19117 | Lair:4   | Noticed Rupert
 19128 | Lair:4   | Killed Rupert
 19592 | Lair:4   | Found a staircase to the Shoals.
 20231 | Lair:5   | Found a shimmering altar of Xom.
 20933 | Lair:5   | Reached XP level 15. HP: 112/115 MP: 29/29
 20950 | Lair:6   | Entered Level 6 of the Lair of Beasts
 20958 | Lair:6   | Found a staircase to the Slime Pits.
 20958 | Lair:6   | Found a viscous altar of Jiyva.
 21073 | Lair:6   | Received a gift from Sif Muna
 21138 | Lair:6   | Identified the +11 rapier "Luguu" {spect, Fragile Int+8
                  | Stlth+}
 21228 | Lair:6   | Got Sif Muna's Almanac of Flamy Companions {god gift}
 21471 | Lair:6   | Reached skill level 10 in Fighting
 21471 | Lair:6   | Reached skill level 10 in Short Blades
 21471 | Lair:6   | Reached skill level 10 in Long Blades
 21471 | Lair:6   | Reached skill level 10 in Axes
 21471 | Lair:6   | Reached skill level 10 in Maces & Flails
 21471 | Lair:6   | Reached skill level 10 in Polearms
 21471 | Lair:6   | Reached skill level 10 in Staves
 21471 | Lair:6   | Reached skill level 10 in Slings
 21471 | Lair:6   | Reached skill level 10 in Bows
 21471 | Lair:6   | Reached skill level 10 in Crossbows
 21471 | Lair:6   | Reached skill level 10 in Throwing
 21471 | Lair:6   | Reached skill level 10 in Armour
 21471 | Lair:6   | Reached skill level 10 in Shields
 21471 | Lair:6   | Reached skill level 10 in Unarmed Combat
 21471 | Lair:6   | Reached skill level 10 in Evocations
 22096 | Lair:4   | Identified the +2 trident of Pestilence {vorpal, rN++ Dex+4
                  | Stlth-}
 22326 | Orc:1    | Entered Level 1 of the Orcish Mines
 22326 | Orc:1    | Found a bloodstained altar of Trog.
 22335 | Orc:1    | Noticed an orc warlord
 22473 | D:11     | Learned a level 4 spell: Summon Ice Beast
 22478 | D:11     | Learned a level 4 spell: Olgreb's Toxic Radiance
 22484 | D:11     | Learned a level 5 spell: Irradiate
 22489 | D:11     | Learned a level 4 spell: Sticky Flame
 22504 | Orc:1    | Killed an orc warlord
 22766 | Orc:2    | Entered Level 2 of the Orcish Mines
 22784 | Orc:2    | Found a staircase to the Elven Halls.
 22799 | Orc:2    | Noticed Saint Roka
 22805 | Orc:2    | Received a gift from Sif Muna
 23087 | Orc:2    | HP: 2/115 [Saint Roka/bolt (36)]
 23090 | Orc:2    | Killed from afar by Saint Roka

Illustrated notes

Levels and vault maps discovered:
D:1:      wander_arrival_fairy_ring, layout_loops_ring, serial_aquarium,
          aquarium_bridge_long_joined [aquarium_subvault_wall,
          aquarium_subvault_bridge, aquarium_subvault_wall,
          aquarium_subvault_bridge, aquarium_subvault_wall,
          aquarium_subvault_window], aquarium_window_double,
          aquarium_window_corridor_1, aquarium_window_1, aquarium_window_1,
          aquarium_view_2c, chequers_serial_rivers_micro_e
D:2:      layout_loops_cross, minmay_pentomino_u4, uniq_crazy_yiuf_cottage
D:3:      layout_basic, nicolae_ru_great_annihilating_truth,
          mainiacjoe_overflow_catch_the_wave, serial_shops, shop_statue,
          basic_ecumenical_altar, moated_statue, uniq_natasha
D:4:      layout_loops_ring, temple_statues
D:5:      layout_gridville, mainiacjoe_overflow_swirl, uniq_ijyb
D:6:      layout_gridville, uniq_duvessa
D:7:      layout_basic, nicolae_vehumet_altar_sigil,
          hellmonk_guarded_unrand_zhor
D:8:      layout_loops_corners, erik_lair_island, serial_shops, kennysheep_mini
D:9:      layout_basic
D:10:     layout_basic, enter_bailey_5, uniq_grum, uniq_joseph, uniq_psyche
D:11:     layout_layer_cave, hiddenorc2_lemuel,
          portal_ice_cave_entry_animals_and_master
D:12:     layout_rooms, enter_trove_3, nemelex_altar_shiori
D:13:     layout_basic, grunt_vaults_entry_fortified
Temple:   eino_temple_scatter_basement
Lair:1:   layout_regular_city
Lair:2:   layout_misc_corridors, spider_nest_entry_web_field, lemuel_fruit_tree,
          infiniplex_staircase_pool
Lair:3:   layout_layer_cave
Lair:4:   layout_cave_pods, elwin_shoals_entry_stream, serial_bayou_shore_a,
          uniq_rupert
Lair:5:   layout_small_grid, grunt_forest_small_clearings, serial_bayou_pond_a,
          lemuel_oklob_altar
Lair:6:   gammafunk_lair_ancient_temple, layout_gridlike, slime_altar_1,
          minmay_lair_drake_nest
Orc:1:    layout_caves, basic_altar
Orc:2:    grunt_orc_gardens, layout_caves, grunt_orc_garden, grunt_orc_garden,
          grunt_orc_garden, grunt_orc_garden, nicolae_shop_gadgets,
          uniq_saint_roka

Skill      XL: |  1  2  3  4  5  6  7  8  9 10 11 12 13 14 15 |
---------------+----------------------------------------------+-----
Spellcasting   | 5 6 7 8 9 10 11 | 11.2
Invocations    | 1 2 3 4 5 6 7 8 9 10 11 | 11.0
Fighting       | 1 2 3 4 5 6 7 8 9 10 | 10.2
Short Blades   | 1 2 3 4 5 6 7 8 9 10 | 10.2
Long Blades    | 1 2 3 4 5 6 7 8 9 10 | 10.2
Axes           | 1 2 3 4 5 6 7 8 9 10 | 10.2
Maces & Flails | 1 2 3 4 5 6 7 8 9 10 | 10.2
Polearms       | 1 2 3 4 5 6 7 8 9 10 | 10.2
Staves         | 1 2 3 4 5 6 7 8 9 10 | 10.2
Slings         | 1 2 3 4 5 6 7 8 9 10 | 10.2
Bows           | 1 2 3 4 5 6 7 8 9 10 | 10.2
Crossbows      | 1 2 3 4 5 6 7 8 9 10 | 10.2
Throwing       | 1 2 3 4 5 6 7 8 9 10 | 10.2
Armour         | 1 2 3 4 5 6 7 8 9 10 | 10.2
Shields        | 1 2 3 4 5 6 7 8 9 10 | 10.2
Unarmed Combat | 1 2 3 4 5 6 7 8 9 10 | 10.2
Evocations     | 1 2 3 4 5 6 7 8 9 10 | 10.2
Conjurations   | 1 2 3 4 5 6 7 8 |  8.6
Hexes          | 1 2 3 4 5 6 7 8 |  8.6
Summonings     | 1 2 3 4 5 6 7 8 |  8.6
Necromancy     | 1 2 3 4 5 6 7 8 |  8.6
Translocations | 1 2 3 4 5 6 7 8 |  8.6
Transmutations | 1 2 3 4 5 6 7 8 |  8.6
Fire Magic     | 1 2 3 4 5 6 7 8 |  8.6
Air Magic      | 1 2 3 4 5 6 7 8 |  8.6
Earth Magic    | 1 2 3 4 5 6 7 8 |  8.6
Poison Magic   | 1 2 3 4 5 6 7 8 |  8.6
Dodging        | 5 6 7 8 9 10 11 | 11.1
Stealth        | 5 6 7 8 9 10 | 10.9
Ice Magic      | 8 9 10 11 | 11.0

Action                   |  1- 3 |  4- 6 |  7- 9 | 10-12 | 13-15 || total
-------------------------+-------+-------+-------+-------+-------++-------
Melee: Unarmed           |     1 |       |    18 |       |       ||    19
       Dagger            |    60 |   103 |   265 |    19 |       ||   447
       Bite              |     6 |     9 |    31 |    29 |    77 ||   152
       Punch             |       |     2 |     4 |     2 |       ||     8
       Quarterstaff      |       |       |       |   188 |   520 ||   708
 Cast: Freeze            |    33 |    12 |    17 |     3 |       ||    65
       Frozen Ramparts   |     1 |    19 |    23 |    29 |    29 ||   101
       Ozocubu's Armour  |     1 |     1 |     6 |    14 |    11 ||    33
       Foxfire           |       |       |    12 |   116 |    65 ||   193
       Hailstorm         |       |       |       |    75 |    88 ||   163
       Summon Ice Beast  |       |       |       |       |     6 ||     6
       Olgreb's Toxic Ra |       |       |       |       |     4 ||     4
       Irradiate         |       |       |       |       |     1 ||     1
Invok: Channel Magic     |       |       |       |     6 |     4 ||    10
Evoke: Wand              |       |       |       |       |     5 ||     5
       Lightning rod     |       |       |       |       |     3 ||     3
  Use: Scroll            |       |       |    11 |     5 |    12 ||    28
       Potion            |       |       |     3 |       |     1 ||     4
 Stab: Sleeping          |     9 |     8 |     7 |     6 |    13 ||    43
       Distracted        |     1 |       |       |       |    13 ||    14
       Paralysed         |       |     1 |       |       |       ||     1
Armor: Robe              |     7 |    16 |    15 |       |       ||    38
       Leather armour    |       |       |    27 |       |       ||    27
       Skin              |       |       |     4 |       |       ||     4
       Animal skin       |       |       |     6 |    64 |    87 ||   157
Dodge: Dodged            |    50 |    80 |   257 |   318 |   435 ||  1140
       Repelled          |     1 |     3 |    11 |     3 |     8 ||    26
Block: Other             |       |       |       |       |     1 ||     1
       Reflection        |       |       |       |       |     1 ||     1
